[Event "Early-Titled-Tuesday-Blitz-May-14-2024"]
[Site "Chess.com"]
[Date "2024.05.14"]
[Round "6"]
[White "falzehope0"]
[Black "petearrpan"]
[Result "0-1"]
[WhiteElo "2364"]
[BlackElo "2290"]
[TimeControl "180+1"]
[EndTime "9:09:13 PDT"]
[Termination "petearrpan won on time"]

1. d4 d5 2. e3 e6 3. Bd3 Nf6 4. f4 c6 5. Nf3 Nbd7 6. O-O Be7 7.
Nbd2 O-O 8. Ne5 Nxe5 9. fxe5 Nd7 10. Qh5 g6 11. Qh3 f5 12. Nf3 Rf7 13. g4 Qf8 14.
gxf5 gxf5 15. Kh1 Kh8 16. Bd2 c5 17. c3 b6 18. Rg1 a5 19. Rg6 Nb8 20. Rag1 Nc6 21.
Rg8+ Qxg8 22. Rxg8+ Kxg8 23. Qh5 Bd7 24. Ng5 Bxg5 25.
Qxg5+ Rg7 26. Qh5 Be8 27. Qh6 Rg6 28. Qh4 Ra7 29. Be1 Rag7 30. Bg3 Ne7 31. Be2 Kf8 32. Bf3 Bf7 33. Qf4 Ke8 34. Bh5 Rg5 35. Bf3 h6 36. b3 Ng6 37. Qxg5 hxg5 38. Bg2 f4 39. exf4 gxf4 40.
Bf2 Ne7 41. Bf3 Nf5 42. dxc5 bxc5 43. Bxc5 Bg6 44. b4 axb4 45. cxb4 d4 46. Bc6+ Kd8 47. b5 Kc8 48. b6 d3 49. b7+ Rxb7 50. Bxb7+ Kxb7 51.
Bb4 Nd4 52. Kg1 Nc6 53. Bd2 Nxe5 54. Bxf4 Nc4 55. Kf1 d2 56. Bxd2 Nxd2+ 57. Ke2 Nc4 58. Kf3 e5 59. Kg4 Bd3 60. a3 e4 0-1

[Event "Early-Titled-Tuesday-Blitz-May-14-2024"]
[Site "Chess.com"]
[Date "2024.05.14"]
[Round "6"]
[White "Artem_Koval"]
[Black "GeorgiosSouleidis"]
[Result "1-0"]
[WhiteElo "2576"]
[BlackElo "2668"]
[TimeControl "180+1"]
[EndTime "9:09:14 PDT"]
[Termination "Artem_Koval won on time"]

1. d4 Nf6 2. Nf3 g6 3. Nc3 d5 4.
Bf4 Bg7 5. e3 O-O 6. Be2 c5 7.
O-O cxd4 8. exd4 Nc6 9. Ne5 Bd7 10. Bf3 e6 11. Re1 Rc8 12. Ne2 Be8 13. c3 Nxe5 14.
Bxe5 Bb5 15. Ng3 Ne8 16. Qd2 Nd6 17. Qf4 Nc4 18. Bxg7 Kxg7 19. Rab1 Qf6 20. Qg4 Kh8 21. Be2 Ba6 22. Bxc4 Bxc4 23. a3 a5 24. Re5 Bd3 25.
Rbe1 Qg7 26. h4 Bb5 27. h5 Bd7 28. hxg6 hxg6 29. Nh5 Qh6 30. Nf6 Rcd8 31. R1e3 Kg7 32. Nh5+ Kg8 33. Rh3 Qc1+ 34. Kh2 Rfe8 35. Nf6+ Kf8 36.
Rh8+ Ke7 37. Nxe8 Bxe8 38. Rh3 Kd7 39. Rf3 Qxb2 40. Rxd5+ Kc7 41. Rxd8 Kxd8 42. Qg5+ Kc8 43. Qxa5 Qc2 44. Qc5+ Kb8 45. Qf8 Qa4 46. Rxf7 Ka7 47. Qc5+ Ka6 48. Rc7 Bc6 49. Rc8 1-0

[Event "Early-Titled-Tuesday-Blitz-May-14-2024"]
[Site "Chess.com"]
[Date "2024.05.14"]
[Round "6"]
[White "Good_Knight_Kiss"]
[Black "th3d4rkness"]
[Result "1-0"]
[WhiteElo "2355"]
[BlackElo "2175"]
[TimeControl "180+1"]
[EndTime "9:09:14 PDT"]
[Termination "Good_Knight_Kiss won on time"]

1. e4 c5 2. Nf3 Nc6 3. d4 cxd4 4. Nxd4 Nf6 5. Nc3 e5 6. Ndb5 d6 7. Nd5 Nxd5 8. exd5 Nb8 9. c4 Be7 10. Bd3 O-O 11. O-O a6 12. Nc3 f5 13. f3 Bg5 14.
Kh1 Nd7 15. b4 Bxc1 16. Rxc1 b6 17. Qd2 Qh4 18. g3 Qh5 19. a3 Bb7 20. Be2 Qg6 21. Rfe1 Rae8 22. Bf1 h6 23. Bg2 Qf7 24. Qf2 Kh8 25.
Red1 Rc8 26. Na4 b5 27. Nb6 Nxb6 28. Qxb6 Rxc4 29. Rxc4 bxc4 30. Qxd6 Rc8 31. Qxe5 c3 32.
Rc1 Qxd5 33. Qxd5 Bxd5 34. f4 Bb3 35. Bb7 Rc7 36. Bxa6 g6 37. Kg1 c2 38. Kf2 Rd7 39.
Be2 Kg7 40. Ke3 Kf6 41. b5 Ra7 42. Kd4 Rxa3 43. Kc5 Ra2 44. b6 Rb2 45. b7 Be6 46. Ba6 1-0

[Event "Early-Titled-Tuesday-Blitz-May-14-2024"]
[Site "Chess.com"]
[Date "2024.05.14"]
[Round "6"]
[White "MikeWizard"]
[Black "mfschulz"]
[Result "0-1"]
[WhiteElo "2012"]
[BlackElo "2324"]
[TimeControl "180+1"]
[EndTime "9:09:14 PDT"]
[Termination "mfschulz won on time"]

1. d4 Nf6 2. c4 c5 3. d5 e6 4. Nc3 exd5 5. cxd5 d6 6. Nf3 a6 7. a4 g6 8. Bf4 Nh5 9. Bg5 Qb6 10. Qc2 h6 11.
Bd2 Bg7 12. e4 O-O 13. Be2 Bg4 14. h3 Bxf3 15. Bxf3 Nd7 16. Bxh5 gxh5 17. O-O Ne5 18. a5 Qd8 19. Qd1 Qh4 20. f4 Nc4 21. Bc1 Bd4+ 22. Kh2 f5 23. Qe1 Qxe1 24. Rxe1 Rae8 25. Ra4 b5 26.
axb6 Nxb6 27. Rxa6 Bxc3 28. bxc3 Nxd5 29. Rxd6 Nxc3 30. e5 Ne4 31. Rxh6 Ra8 32. Rxh5 Ra1 33. Bd2 Rxe1 34. Bxe1 c4 35. Rh6 Rc8 36. Rh5 c3 37. Bxc3 Rxc3 38. Rxf5 Kg7 39. g4 Rc2+ 40. Kg1 Nf2 41. Rh5 Nd3 42. Rf5 Kg6 43. Rf6+ Kg7 44.
Rf5 Nf2 45. Rh5 Ne4 46. Rf5 Rc3 47. Kg2 Rg3+ 48. Kh2 Rf3 49. h4 Ra3 50. e6 Nf2 51.
g5 Ng4+ 52. Kg1 Re3 53. Rf7+ Kg8 54. f5 Rg3+ 55. Kf1 Rf3+ 56. Ke2 Re3+ 57. Kd2 Re5 58. Ra7 Rxf5 0-1

[Event "Early-Titled-Tuesday-Blitz-May-14-2024"]
[Site "Chess.com"]
[Date "2024.05.14"]
[Round "6"]
[White "zajka-molotok"]
[Black "jinbojinbo"]
[Result "0-1"]
[WhiteElo "2542"]
[BlackElo "2665"]
[TimeControl "180+1"]
[EndTime "9:09:15 PDT"]
[Termination "jinbojinbo won on time"]

1. e4 e5 2. Nf3 Nc6 3. Nc3 Nf6 4. Bb5 Bc5 5. Nxe5 Nxe5 6. d4 Bd6 7. dxe5 Bxe5 8. O-O O-O 9. Bd3 d6 10. Bd2 Re8 11.
h3 c6 12. Qf3 Be6 13. Rfe1 Qc7 14. Bf4 h6 15. Rad1 Nd7 16. Qg3 Kh8 17. Ne2 Rad8 18. c3 a5 19. Bb1 Qb6 20. Rd2 Bc4 21. Nd4 Be6 22. Red1 Bxf4 23. Qxf4 d5 24. exd5 Bxd5 25. Nf5 Ne5 26. c4 Nxc4 27. Qg3 g6 28. Qc3+ Ne5 29.
Nxh6 Kh7 30. Ng4 Nxg4 31. hxg4 Qb4 32. Qh3+ Kg8 33. Qg3 Re7 34. g5 Rde8 35. Kh2 Re1 36. Rxe1 Rxe1 37. Qd3 Rxb1 38. Re2 Rxb2 39. Re8+ Kg7 40.
Qh3 Qf4+ 0-1

[Event "Early-Titled-Tuesday-Blitz-May-14-2024"]
[Site "Chess.com"]
[Date "2024.05.14"]
[Round "6"]
[White "jefferyx"]
[Black "scarabee43"]
[Result "1-0"]
[WhiteElo "3086"]
[BlackElo "2820"]
[TimeControl "180+1"]
[EndTime "9:09:16 PDT"]
[Termination "jefferyx won by resignation"]

1. e4 c5 2. Nf3 e6 3. g3 Nc6 4.
Bg2 Nf6 5. Qe2 d6 6. O-O Be7 7. c3 e5 8. d3 O-O 9. Na3 Be6 10. Nc4 h6 11. a3 Re8 12. b4 b5 13. Ne3 cxb4 14.
axb4 a5 15. bxa5 Rxa5 16. Rb1 Bf8 17. Bd2 Ra2 18. Rxb5 d5 19. exd5 Nxd5 20. Nxd5 Bxd5 21. Ne1 Bxg2 22. Nxg2 Qd7 23. Rfb1 Rd8 24. Ne1 Be7 25. R5b2 Ra7 26. Be3 Ra3 27. Qc2 Bf6 28. Rb3 Rda8 29. Rxa3 Rxa3 30. Qb2 Ra8 31. Qb7 Qxb7 32. Rxb7 e4 33. d4 Na5 34. Rc7 Bd8 35. Rc5 Bb6 36. Re5 Nc4 37. Rxe4 Ra3 38. Bf4 Rxc3 39. Kg2 Kh7 40.
Nf3 Rc2 41. h4 Na3 42. Re7 f6 43. h5 Nb5 44. Rb7 Bxd4 45. Nh4 Rxf2+ 46. Kh3 Nc3 47. Nf5 Be5 48. Rxg7+ Kh8 49. Rg6 Bxf4 50. gxf4 Rxf4 51. Rxh6+ Kg8 52. Rxf6 Nd5 53. Ne7+ Kg7 54. Rg6+ Kh7 55. Nxd5 Rf5 56. Nf6+ 1-0

[Event "Early-Titled-Tuesday-Blitz-May-14-2024"]
[Site "Chess.com"]
[Date "2024.05.14"]
[Round "6"]
[White "MariaFominykh"]
[Black "guillembaches"]
[Result "1/2-1/2"]
[WhiteElo "2377"]
[BlackElo "2565"]
[TimeControl "180+1"]
[EndTime "9:09:16 PDT"]
[Termination "Game drawn by repetition"]

1. d4 Nf6 2. c4 e6 3. Nf3 d5 4. Nc3 a6 5. cxd5 exd5 6. Bg5 Be6 7. e3 Nbd7 8. Bd3 Bd6 9. h3 c6 10. Qc2 Qc7 11. Rb1 h6 12. Bxf6 Nxf6 13. b4 Qe7 14. a3 O-O 15. O-O Rfe8 16. Na4 Nd7 17. Nc5 Rab8 18.
a4 Nb6 19. Nxe6 Qxe6 20. b5 cxb5 21. axb5 a5 22. Bf5 Qe7 23. Nd2 a4 24. e4 dxe4 25. Nxe4 a3 26. Nc5 Ra8 27. Ra1 Qf6 28. Rfd1 a2 29.
Bh7+ Kh8 30. Be4 Ra3 31. Rxa2 Rxa2 32. Qxa2 Bxc5 33. dxc5 Rxe4 34. cxb6 Qxb6 35. Qxf7 Kh7 36. Qf5+ Qg6 37. Qxg6+ Kxg6 38. Rd7 Re1+ 39. Kh2 Re2 40. Kg3 b6 41. Rd6+ Kf5 42. Rxb6 g5 43. f3 h5 44. h4 Rb2 45. hxg5 Kxg5 46. Kh3 Rb1 47. Kg3 h4+ 48. Kf2 Rb2+ 49. Kf1 Rb1+ 50.
Kf2 Rb2+ 51. Kf1 Rb1+ 52. Kf2 1/2-1/2

[Event "Early-Titled-Tuesday-Blitz-May-14-2024"]
[Site "Chess.com"]
[Date "2024.05.14"]
[Round "6"]
[White "jumpingknight20"]
[Black "chessfatbear"]
[Result "0-1"]
[WhiteElo "2752"]
[BlackElo "2903"]
[TimeControl "180+1"]
[EndTime "9:09:17 PDT"]
[Termination "chessfatbear won by checkmate"]

1. e4 c6 2. d4 d5 3. e5 Bf5 4.
Nf3 e6 5. Be2 Ne7 6. Nbd2 Nd7 7.
Nb3 Nc8 8. O-O Be7 9. Be3 Ncb6 10. Nfd2 f6 11. f4 fxe5 12. fxe5 O-O 13. a4 a5 14. Bg4 Bg5 15. Bxg5 Qxg5 16. Bxf5 Rxf5 17. Qe2 Rxf1+ 18. Qxf1 Qe3+ 19. Qf2 Qxf2+ 20. Kxf2 Nc4 21. Nxc4 dxc4 22. Nd2 b5 23. Ne4 b4 24. Nd6 Nb6 25.
Ke2 h6 26. g3 Kh7 27. b3 c3 28. Rf1 Nd5 29. Kd3 Kg6 30. Rf3 h5 31. h4 Rd8 32.
Nc4 c5 33. Nxa5 Ne7 34. Rf4 Nf5 35. Kc4 Nxd4 36. Nb7 Rd5 37. Nxc5 Nxc2 38. Nxe6 Ne3+ 39. Kxb4 c2 40. Nf8+ Kh6 41. g4 hxg4 42. e6 c1=Q 43. e7 Qc5# 0-1

[Event "Early-Titled-Tuesday-Blitz-May-14-2024"]
[Site "Chess.com"]
[Date "2024.05.14"]
[Round "6"]
[White "nitpicker"]
[Black "TheAlienParty"]
[Result "0-1"]
[WhiteElo "2278"]
[BlackElo "2427"]
[TimeControl "180+1"]
[EndTime "9:09:17 PDT"]
[Termination "TheAlienParty won on time"]

1. d4 Nf6 2. c4 e6 3. g3 d5 4.
Nf3 Bb4+ 5. Bd2 a5 6. a3 Bxd2+ 7. Nbxd2 O-O 8. Bg2 b6 9. cxd5 exd5 10. Rc1 Bb7 11. Qc2 Na6 12. O-O Re8 13. e3 Ne4 14. Nxe4 dxe4 15. Ne5 c5 16. Rfd1 cxd4 17. Rxd4 Qc8 18.
Nc4 Qc5 19. Nd6 Qxc2 20. Rxc2 Nc5 21. Nxe8 Rxe8 22. b4 axb4 23. axb4 Nd3 24. Bxe4 Bxe4 25.
Rxe4 Ra8 26. Rc3 Ne1 27. Kf1 Nf3 28. Ke2 Ng1+ 29. Kd3 Nh3 30. Rec4 Nxf2+ 31. Ke2 Ra2+ 32. Kf3 h5 33. Rc8+ Kh7 34. Rc2 Rxc2 35. Rxc2 Ng4 36. h3 Ne5+ 37. Ke4 f6 38. Rc7 b5 39. Rc5 Nc4 40. Kd4 g6 41. Rxb5 Nd2 42. Rb7+ Kh6 43. b5 Nb3+ 44. Kd5 Na5 45. Ra7 Nb3 46. b6 Nd2 47. b7 h4 48. gxh4 Kh5 49. b8=Q Kxh4 50. Qh8+ Kg3 51. Ra5 Nf3 52. Ke4 Ng5+ 0-1

[Event "Early-Titled-Tuesday-Blitz-May-14-2024"]
[Site "Chess.com"]
[Date "2024.05.14"]
[Round "6"]
[White "lluiss"]
[Black "A4RookA3"]
[Result "0-1"]
[WhiteElo "2211"]
[BlackElo "2437"]
[TimeControl "180+1"]
[EndTime "9:09:18 PDT"]
[Termination "A4RookA3 won on time"]

1. Nf3 c5 2. c4 Nc6 3. Nc3 g6 4. e3 Nf6 5. d4 cxd4 6. exd4 d5 7. cxd5 Nxd5 8. Qb3 Nxc3 9. Bc4 Nd5 10. Bxd5 e6 11. Bxc6+ bxc6 12. O-O Bg7 13. Be3 O-O 14. Rfc1 Qd5 15.
Qa4 Qb5 16. Qxb5 cxb5 17. Rc5 a6 18. Rc7 Rb8 19. Rac1 Bb7 20. Ne5 Rfc8 21. Nxf7 Rxc7 22. Rxc7 Bd5 23. b3 a5 24. Ne5 a4 25. Nc6 Ra8 26.
Ne7+ Kf8 27. Nxd5 axb3 28. Nc3 bxa2 29. Nxa2 Rxa2 30. g3 Ra1+ 31. Kg2 b4 32. Rb7 Rb1 33. Rb8+ Kf7 34. h4 Bf8 35. Rb7+ Kg8 36. Rb8 Kf7 37. Rb7+ Ke8 38. Rb8+ Ke7 39. Rb7+ Kd6 40. Rxh7 b3 41. Rb7 Kd5 42. Rb8 Bd6 43. Rb5+ Kc4 44. Rb7 b2 45. d5 exd5 46. Bd2 Kd3 47. Ba5 d4 48. Rb6 Bc7 49. Rb5 Bxa5 50. Rxa5 Rc1 0-1

[Event "Early-Titled-Tuesday-Blitz-May-14-2024"]
[Site "Chess.com"]
[Date "2024.05.14"]
[Round "6"]
[White "MiguelBestard1981"]
[Black "SujanaLohani"]
[Result "1-0"]
[WhiteElo "2323"]
[BlackElo "1965"]
[TimeControl "180+1"]
[EndTime "9:09:18 PDT"]
[Termination "MiguelBestard1981 won by checkmate"]

1. d4 Nf6 2. Bf4 g6 3. h3 Bg7 4. e3 d6 5. Nf3 O-O 6. Be2 Nc6 7. c3 e5 8. dxe5 Ne4 9. exd6 cxd6 10. Nbd2 d5 11.
Nxe4 dxe4 12. Qxd8 Rxd8 13. Nd2 f5 14. Bc4+ Kf8 15.
O-O-O Ne5 16. Be2 Be6 17. Nb3 Nd3+ 18. Bxd3 exd3 19. Kb1 Rac8 20. Nd4 Bd5 21. Rhg1 Bxd4 22. exd4 Re8 23. Rd2 Re2 24. Rxe2 dxe2 25. f3 Re8 26.
Re1 Bc4 27. b3 Bd3+ 28. Kc1 Kf7 29. Kd2 Ba6 30. c4 b5 31. c5 b4 32. d5 Bb5 33.
c6 Rd8 34. d6 Bxc6 35. Rxe2 Re8 36. Be3 Bb5 37. Re1 Re6 38. Bc5 Rxe1 39. Kxe1 Ke6 40.
Bxb4 a6 41. Bc5 g5 42. a4 Bc6 43. a5 h5 44. b4 g4 45. fxg4 fxg4 46. hxg4 hxg4 47.
g3 Kd7 48. Kf2 Ke6 49. Ke3 Bb7 50. Kf4 Bf3 51. Ke3 Bc6 52. Kd4 Bb5 53. Ke4 Bc6+ 54. Kf4 Bf3 55. b5 axb5 56. a6 Kd7 57. Bb4 Kc8 58. Ke5 Ba8 59. Ke6 Bc6 60. Ke7 Bd7 61. a7 Kb7 62. Kxd7 Ka8 63. Kc7 Kxa7 64. d7 Ka6 65.
d8=Q Ka7 66. Qb8+ Ka6 67. Qb6# 1-0

[Event "Early-Titled-Tuesday-Blitz-May-14-2024"]
[Site "Chess.com"]
[Date "2024.05.14"]
[Round "6"]
[White "Stanbad1"]
[Black "GMSrinath"]
[Result "0-1"]
[WhiteElo "2596"]
[BlackElo "2832"]
[TimeControl "180+1"]
[EndTime "9:09:20 PDT"]
[Termination "GMSrinath won by resignation"]

1. d4 f5 2. Nc3 Nf6 3. Bg5 Ne4 4. Nxe4 fxe4 5. e3 d5 6. Nh3 Bxh3 7. gxh3 Nc6 8. c3 Qd7 9. Qg4 e6 10. h4 Ne7 11. Bxe7 Bxe7 12. Bh3 c6 13. Qxe6 Qxe6 14. Bxe6 Bxh4 15. Ke2 Ke7 16. Bg4 Raf8 17. f4 g5 18. Raf1 gxf4 19. exf4 Rhg8 20. Bh3 Rg7 21. Rhg1 Rxg1 22.
Rxg1 Rxf4 23. Rg7+ Kf6 24. Rxh7 Rf2+ 25. Kd1 Bg5 26.
Rxb7 Rxh2 27. Bg4 Bh4 28. Rh7 Kg5 29. Be2 Kf4 30. Ba6 Kg3 31. Be2 Kf2 32. Ba6 Kg3 33.
Be2 a5 34. Ba6 Rxb2 35. Bb7 e3 36. Ba6 Rxa2 37. Rf7 Rd2+ 38. Kc1 a4 39. Kb1 a3 40. Rg7+ Kf4 41. Rh7 Bg5 42. Rf7+ Kg4 43. Rf8 e2 44. Bxe2+ Rxe2 45. Ra8 Be7 46. Ra6 Re6 47. Ka2 Kf4 48.
Ra8 Ke4 49. Kb3 Kd3 50. Rh8 Re3 51. Rh6 Re2 52. Rh3+ Kd2 53. c4 Re3+ 54. Rxe3 Kxe3 55. cxd5 cxd5 56. Ka2 Kxd4 0-1

[Event "Early-Titled-Tuesday-Blitz-May-14-2024"]
[Site "Chess.com"]
[Date "2024.05.14"]
[Round "6"]
[White "PawnEatingZombie"]
[Black "TheoSlade"]
[Result "1-0"]
[WhiteElo "2294"]
[BlackElo "2444"]
[TimeControl "180+1"]
[EndTime "9:09:20 PDT"]
[Termination "PawnEatingZombie won by checkmate"]

1. e4 e5 2. Nf3 Nc6 3. Nc3 Nf6 4.
Bb5 Nd4 5. O-O Nxb5 6. Nxb5 d6 7. Nc3 c5 8. h3 Be7 9. d3 O-O 10. Bg5 Be6 11. Bxf6 Bxf6 12. Nd5 g6 13. c4 Bg7 14. Rb1 a5 15. b3 f5 16. Qd2 f4 17. Nh2 g5 18. a3 h5 19. f3 Kf7 20. b4 axb4 21.
axb4 b6 22. bxc5 bxc5 23. Rb7+ Kg6 24. Rfb1 Rf7 25. Rxf7 Bxf7 26. Nf1 Bxd5 27. cxd5 Rb8 28. Rxb8 Qxb8 29. Qa5 Bf8 30. Qa4 Qc8 31. Qc6 Qd8 32. Nd2 Be7 33. Nc4 Qf8 34. Nxe5+ Kg7 35. Nc4 g4 36. e5 dxe5 37. d6 Bf6 38. Qd7+ Qf7 39.
Qxf7+ Kxf7 40. hxg4 hxg4 41. fxg4 Ke8 42. Kf2 Kd7 43. Kf3 Ke6 44. Ke4 Bg7 45. g5 Bh8 46. Kf3 Bg7 47. g3 fxg3 48. Kxg3 Bf8 49. Kg4 Bxd6 50.
Nxd6 Kxd6 51. Kf5 Kd5 52. g6 Kd4 53. g7 Kxd3 54. g8=Q c4 55. Qd5+ Kc3 56. Kxe5 Kb4 57. Ke4 c3 58. Kd3 Ka3 59. Kxc3 Ka4 60. Qb7 Ka5 61.
Kc4 Ka4 62. Qb4# 1-0

[Event "Early-Titled-Tuesday-Blitz-May-14-2024"]
[Site "Chess.com"]
[Date "2024.05.14"]
[Round "6"]
[White "Saxar85"]
[Black "valik3504"]
[Result "1-0"]
[WhiteElo "2784"]
[BlackElo "2549"]
[TimeControl "180+1"]
[EndTime "9:09:22 PDT"]
[Termination "Saxar85 won by resignation"]

1. Nf3 c5 2. g3 g6 3. c3 Bg7 4. d4 Nf6 5. Bg2 O-O 6. O-O d6 7. Re1 Nc6 8. d5 Na5 9. e4 Nd7 10. Bf4 Nc4 11. Qe2 Nce5 12. Nbd2 Rb8 13. a4 a6 14. a5 h6 15. h3 Kh7 16. Be3 Nxf3+ 17.
Nxf3 b5 18. axb6 Qxb6 19. Bc1 a5 20. Qd1 Ba6 21. Qa4 Bb5 22. Qxa5 Qb7 23. Qa2 Ra8 24. Qb1 Bd3 25. Qxd3 Rxa1 26. Kh2 Rfa8 27. h4 Qb3 28.
h5 c4 29. Qe2 Nc5 30. hxg6+ fxg6 31. Nh4 Nd3 32. Qg4 Ne5 33. Qe6 Qc2 34. f4 Rxc1 35. Rxc1 Qxc1 36. fxe5 Qg5 37. exd6 exd6 38. Qxd6 Be5 39.
Qd7+ Kh8 40. Qh3 Ra2 41. Nf3 Qf6 42. Qc8+ Kh7 43. Qd7+ Kg8 44. Qe8+ Kh7 45. Qxe5 Qxe5 46.
Nxe5 Rxb2 47. Nxc4 Rc2 48. Ne5 Rxc3 49. d6 Rc2 50. d7 Rd2 51. Kg1 Kg7 52. Bh3 g5 53.
Nc6 g4 54. Bxg4 Kf6 55. d8=Q+ Rxd8 56. Nxd8 Ke5 57. Bf5 1-0

[Event "Early-Titled-Tuesday-Blitz-May-14-2024"]
[Site "Chess.com"]
[Date "2024.05.14"]
[Round "6"]
[White "ChainedDowntohell"]
[Black "JaloliddinIlkhomi"]
[Result "0-1"]
[WhiteElo "2588"]
[BlackElo "2752"]
[TimeControl "180+1"]
[EndTime "9:09:22 PDT"]
[Termination "JaloliddinIlkhomi won by resignation"]

1. d4 Nf6 2. c4 e6 3. Nc3 Bb4 4.
Qc2 O-O 5. a3 Bxc3+ 6. Qxc3 b6 7. Bg5 Bb7 8. Nf3 h6 9. Bh4 d6 10. Nd2 Nbd7 11. f3 c5 12. dxc5 bxc5 13. e3 Qb6 14.
Be2 Rab8 15. b4 a6 16. Kf2 Rfc8 17. Rab1 d5 18. Qa1 cxb4 19. Rxb4 Qa7 20. Rhb1 dxc4 21. Nxc4 Nd5 22. Rxb7 Rxb7 23. Rxb7 Qxb7 24. Nd6 Qc7 25. Nxc8 Qxc8 26. Qd4 a5 27. e4 Nf4 28. Bg3 Nxe2 29. Kxe2 e5 30. Bxe5 Qc2+ 31. Kf1 Nc5 32. h3 Nd3 33.
Kg1 f6 34. Bd6 Ne1 35. Qf2 Qd1 36. Kh2 Qxd6+ 37. g3 Nd3 38. Qd2 Qd4 39. h4 Qf2+ 40.
Qxf2 Nxf2 41. Kg2 Nd3 42. Kf1 Nb2 43. Ke2 Nc4 44. a4 Nb6 45. Kd3 Nxa4 46. Kc4 Nb6+ 47. Kb5 a4 48. Kb4 Kf7 49. g4 h5 50. gxh5 f5 51. e5 f4 52. Kb5 Ke6 53. Kxb6 a3 0-1

[Event "Early-Titled-Tuesday-Blitz-May-14-2024"]
[Site "Chess.com"]
[Date "2024.05.14"]
[Round "6"]
[White "average_trans"]
[Black "agvega14"]
[Result "1-0"]
[WhiteElo "2346"]
[BlackElo "2147"]
[TimeControl "180+1"]
[EndTime "9:09:22 PDT"]
[Termination "average_trans won on time"]

1. f4 e5 2. fxe5 d6 3. g3 dxe5 4. Bg2 Nf6 5. e3 Nc6 6. Ne2 Bg4 7. h3 Bh5 8. g4 Bg6 9. O-O Bd6 10. d3 h5 11. g5 Nd7 12. h4 Qe7 13. e4 Bc5+ 14. Kh1 Nd4 15. c3 Nxe2 16. Qxe2 Nf8 17. b4 Bb6 18. a4 a5 19. Ba3 c5 20. bxa5 Bxa5 21. d4 Bb6 22. Qb5+ Nd7 23. dxc5 Bxc5 24. Qxb7 Rb8 25. Qd5 O-O 26. a5 Rfd8 27. a6 Bxa3 28. a7 Ra8 29. Rxa3 Nc5 30. Qc4 Rdc8 31. Qb4 Qc7 32. Nd2 Rxa7 33. Rxa7 Qxa7 34. Nc4 Nxe4 35. Kh2 Qb8 36. Qxb8 Rxb8 37. Nxe5 Nxc3 38. Nxg6 fxg6 39. Rc1 Rb3 40. Rc2 Kh7 41. Rf2 Ra3 42. Rf3 Nb5 43. Rf4 Nc3 44. Rc4 Ne2 45. Be4 Ra2 46. Kh3 Nf4+ 47.
Kg3 Ne6 48. Rc6 Nf8 49. Kf4 Ra4 50. Ke5 1-0

[Event "Early-Titled-Tuesday-Blitz-May-14-2024"]
[Site "Chess.com"]
[Date "2024.05.14"]
[Round "6"]
[White "GMthekingindian"]
[Black "Pumpkin_in_moonlight"]
[Result "1-0"]
[WhiteElo "2298"]
[BlackElo "2175"]
[TimeControl "180+1"]
[EndTime "9:09:22 PDT"]
[Termination "GMthekingindian won by resignation"]

1. d4 Nf6 2. Nf3 g6 3. g3 Bg7 4. Bg2 O-O 5. O-O d6 6. b3 c5 7.
Bb2 Nc6 8. d5 Nb8 9. c4 a6 10. a4 b6 11. Nbd2 Bb7 12. e4 Nbd7 13. Re1 b5 14. Qc2 Qb6 15. e5 dxe5 16. Nxe5 Nxe5 17. Bxe5 Rfe8 18. Qc3 bxc4 19. Nxc4 Qb4 20. Rad1 Qxc3 21. Bxc3 Rad8 22. d6 Bxg2 23. Kxg2 exd6 24. Rxd6 Rxd6 25. Nxd6 Rxe1 26. Bxe1 Nd5 27. Nb7 Bd4 28. Kf3 Kf8 29. Ke4 Nf6+ 30. Kd3 Ke7 31. Kc4 Ne4 32. f3 Nd6+ 33. Nxd6 Kxd6 34. Bb4 Kc6 35. Bd2 h5 36. h3 Bf2 37. g4 hxg4 38. fxg4 Bh4 39. Bh6 Be7 40. Bg7 Bd6 41. Bc3 Be7 42. Bb2 Bd6 43. Kd3 Be7 44. Ke4 Bd6 45. h4 Kd7 46. Kd5 Be7 47. h5 gxh5 48. gxh5 Bg5 49. Kxc5 f5 50. Kb6 f4 51. Kxa6 f3 52. Bd4 Bf6 53. Bf2 Ke6 54. h6 Kf5 55. Kb7 Kg6 56. a5 Kxh6 57. a6 1-0

[Event "Early-Titled-Tuesday-Blitz-May-14-2024"]
[Site "Chess.com"]
[Date "2024.05.14"]
[Round "6"]
[White "Aleksandar-Topalov"]
[Black "Chernov_Alexander_A"]
[Result "1-0"]
[WhiteElo "2471"]
[BlackElo "2267"]
[TimeControl "180+1"]
[EndTime "9:09:24 PDT"]
[Termination "Aleksandar-Topalov won on time"]

1. b3 e5 2. Bb2 f6 3. d4 exd4 4. Qxd4 Nc6 5. Qd2 d5 6. Nf3 Bg4 7. Nc3 d4 8. Nb5 Bb4 9. c3 dxc3 10. Qxd8+ Rxd8 11. Nxc3 Nge7 12. a3 Ba5 13. b4 Bb6 14. e3 Ng6 15. Be2 Nge5 16. Rd1 Kf7 17. b5 Bxf3 18. gxf3 Na5 19. Nd5 Nac4 20. Bc1 c6 21. Nxb6 Nxb6 22. bxc6 bxc6 23. f4 Nec4 24. Bf3 c5 25. Ke2 Nd6 26. Bb2 Na4 27. Ba1 Ke7 28. Bd5 Rb8 29. Rhg1 g6 30. Bc6 Nb6 31. Bxf6+ Kxf6 32. Rxd6+ Ke7 33. Rgd1 Nc4 34. Rd7+ Ke6 35. Rxa7 Rb2+ 36. Kf3 Nd2+ 37. Kg3 c4 38. Rc1 Rd8 39. Ra6 Rd6 40. e4 h6 41. Bd5+ Ke7 42. Rxd6 Kxd6 43. f3 Kc5 44. Bf7 g5 45. fxg5 hxg5 46. e5 Kd4 47. e6 Rb7 48. Kg4 c3 49. Kxg5 Kd3 50. f4 Nc4 51. Kf6 Kd2 52. Rg1 Nd6 53. e7 1-0

[Event "Early-Titled-Tuesday-Blitz-May-14-2024"]
[Site "Chess.com"]
[Date "2024.05.14"]
[Round "6"]
[White "manmanlai1"]
[Black "Revan_2002"]
[Result "0-1"]
[WhiteElo "2588"]
[BlackElo "2741"]
[TimeControl "180+1"]
[EndTime "9:09:26 PDT"]
[Termination "Revan_2002 won by resignation"]

1. e4 e6 2. d4 d5 3. e5 c5 4. c3 Nc6 5. Nf3 Bd7 6. Bd3 Rc8 7. O-O cxd4 8. Nbd2 Nge7 9. cxd4 Nf5 10. Bxf5 exf5 11. Nb3 Be7 12. Be3 O-O 13. Nc1 Be6 14. Nd3 Re8 15.
Qd2 h6 16. Rfc1 Bf8 17. Nc5 Bxc5 18. Rxc5 Qb6 19. Rac1 Ne7 20. b4 Rxc5 21. dxc5 Qa6 22. Nd4 Bd7 23. Qb2 Bb5 24. e6 fxe6 25. Nxb5 Qxb5 26.
Bd4 Nc6 27. Bxg7 e5 28. Bxh6 Qxb4 29. Qe2 Qg4 30. f3 Qg6 31. Be3 f4 32. Bf2 e4 33.
fxe4 dxe4 34. Qc4+ Qe6 35. Qc3 e3 36. Bh4 Qe5 37.
Qd3 Qe4 38. Qd7 Qe6 39. Qxb7 e2 40. h3 f3 41. Qb3 Qxb3 42. axb3 Nd4 43. Kf2 Nf5 44. Bg5 fxg2 45. Re1 Nd4 46. Be3 Rxe3 47.
Kxe3 Nc2+ 48. Kxe2 Nxe1 49. Kf2 Nd3+ 50. Kxg2 Nxc5 51.
b4 Na6 52. b5 Nc7 53. Kf3 Nxb5 54. Ke4 Nc7 55. Kd4 Kh7 56. Kc5 Kh6 57. Kc6 Kh5 58.
Kxc7 a5 0-1

[Event "Early-Titled-Tuesday-Blitz-May-14-2024"]
[Site "Chess.com"]
[Date "2024.05.14"]
[Round "6"]
[White "OppieZippy"]
[Black "Jesseinkman"]
[Result "0-1"]
[WhiteElo "2349"]
[BlackElo "2523"]
[TimeControl "180+1"]
[EndTime "9:09:26 PDT"]
[Termination "Jesseinkman won by checkmate"]

1. Nf3 d5 2. g3 Bg4 3. Bg2 e6 4. O-O Nf6 5. h3 Bh5 6. c4 Nbd7 7. d3 c6 8. Qb3 Qb6 9. Be3 Bc5 10. d4 Be7 11. Nc3 O-O 12. Rac1 Rfc8 13. c5 Qxb3 14. axb3 b6 15. b4 a5 16. bxa5 bxc5 17. Ra1 c4 18. g4 Bg6 19. Nh4 Bb4 20. Nxg6 hxg6 21. Ra4 Rcb8 22. Rfa1 Ne8 23. Bf4 Bd6 24. Bc1 Ra6 25.
R1a2 Nc7 26. e4 Nb5 27. e5 Bc7 28. Bd2 Nxd4 29. Bf1 Nb3 30. Bf4 Bxe5 31. Bxe5 Nxe5 32. f4 Nd7 33. Bxc4 dxc4 34. Rxc4 Nbc5 35. b4 Nb7 36.
Rd2 Nf6 37. g5 Nd5 38. Nxd5 exd5 39. Rc3 Nd6 40. Rc5 Rxb4 41. Re2 Ne4 42. Rc1 Rxa5 43.
Kg2 Rba4 44. Rxc6 Ra2 45. Rc8+ Kh7 46. Rcc2 Rxc2 47. Rxc2 Ra3 48. Rc7 Rg3+ 49. Kh2 Rd3 50. Rxf7 d4 51. Kg2 Rg3+ 52. Kh2 d3 53. Rd7 Re3 54.
Kg2 d2 55. f5 Re1 56. f6 d1=Q 57. Rxg7+ Kh8 58. Rg8+ Kxg8 59. f7+ Kf8 60. h4 Qe2+ 61. Kh3 Rh1# 0-1

[Event "Early-Titled-Tuesday-Blitz-May-14-2024"]
[Site "Chess.com"]
[Date "2024.05.14"]
[Round "6"]
[White "Mbneu"]
[Black "AlexandraSamaganova"]
[Result "0-1"]
[WhiteElo "2220"]
[BlackElo "2395"]
[TimeControl "180+1"]
[EndTime "9:09:26 PDT"]
[Termination "AlexandraSamaganova won on time"]

1. d4 Nf6 2. c4 e6 3. Nc3 Bb4 4. Bg5 b6 5. e3 Bb7 6. Nf3 O-O 7.
Bd3 h6 8. Bh4 d6 9. O-O Bxc3 10.
bxc3 Nbd7 11. Qc2 Bxf3 12. gxf3 e5 13. Bf5 Qe8 14. Rae1 g6 15. Be4 Rb8 16. Kh1 Nxe4 17.
Qxe4 Qe6 18. Qc6 Rbc8 19. Rg1 Kh7 20. f4 e4 21. Rg3 f5 22. Reg1 Rg8 23. Rh3 Nb8 24. Qa4 a5 25. Bg5 h5 26. Qd1 Qf7 27.
Bh4 Rg7 28. Rg5 Kg8 29. Bg3 Nc6 30. f3 Re8 31. fxe4 Rxe4 32. Bf2 Nd8 33. Qg1 Ne6 34. Rgg3 Nf8 35. Rf3 Re7 36. Bh4 Rd7 37. Rhg3 Qxc4 38.
Bg5 Qd5 39. Bh6 Rh7 40. Bxf8 Kxf8 41. Rxg6 Rhg7 42. Rg3 Rde7 43. Qf2 h4 44. Rg5 Rxg5 45. fxg5 Rg7 46. e4 Qxe4 47. h3 Rxg5 48. Kh2 Kg7 0-1